 Dungeon Crawl Stone Soup version 0.17-a0-2064-g265a032 (webtiles) character file.

111 derrpe the Cutter (level 5, -2/35 HPs)
             Began as a Halfling Skald on Oct 12, 2015.
             Was an Initiate of Ashenzari.
             Shot with a stone by a goblin (3 damage)
             ... on level 3 of the Dungeon.
             The game lasted 00:06:44 (4311 turns).

derrpe the Cutter (Halfling Skald)                  Turns: 4311, Time: 00:06:44

Health: -2/35      AC:  3    Str: 11 (12) XL:     5   Next: 15%
Magic:  7/7        EV: 13    Int: 12      God:    Ashenzari [......]
Gold:   96         SH:  4    Dex: 14      Spells: 3 memorised, 1 level left

rFire  . . .     SeeInvis .     j - +2 dagger (venom) (curse)
rCold  . . .     Clarity  .     b - +0 leather armour
rNeg   . . .     SustAt   .     n - +0 buckler (curse)
rPois  .         Gourm    .     (no helmet)
rElec  .         Spirit   .     (no cloak)
rCorr  .         Warding  .     (no gloves)
rMut   .         Stasis   .     (no boots)
MR     .....                    (no amulet)
Stlth  +.........               (no ring)
                                e - ring of wizardry

@: not resistant to hostile enchantments, very unstealthy
A: mutation resistance 1
a: Renounce Religion


You were on level 3 of the Dungeon.
You worshipped Ashenzari.
Ashenzari was noncommittal.
You were not hungry.

You visited 1 branch of the dungeon, and saw 3 of its levels.

You collected 96 gold pieces.

Inventory:

Hand Weapons
 a - a +0 short sword
 j - a cursed +2 dagger of venom (weapon)
Missiles
 h - 130 stones (quivered)
Armour
 b - a +0 leather armour (worn)
 n - a cursed +0 buckler (worn)
 o - a +0 ring mail
Jewellery
 e - a ring of wizardry (left hand)
Wands
 r - a wand of digging (15)
Scrolls
 f - 3 scrolls of teleportation {unknown}
 g - a scroll of magic mapping {unknown}
 i - 2 scrolls of random uselessness {unknown}
 k - a scroll of immolation {unknown}
 l - 2 scrolls of identify {unknown}
 m - a scroll of curse armour
 q - a scroll of enchant weapon {unknown}
 t - a scroll of enchant armour {unknown}
Books
 c - a book of Battle

   Spells                             Type                      Level
   a - Infusion                       Charms                       1
   b - Shroud of Golubria             Charms/Translocation         2
   c - Song of Slaying                Charms                       2
   d - Spectral Weapon                Hexes/Charms                 3
   e - Regeneration                   Charms/Necromancy            3
Comestibles
 d - 2 bread rations {@e1}
 p - a meat ration {@e2}
 s - 3 chunks of flesh {@w0}


   Skills:
 + Level 2.5 Fighting
 * Level 4.3 Short Blades
 - Level 1.1 Armour
 + Level 2.1 Dodging
 * Level 1.0 Shields
 - Level 1.5 Spellcasting
 + Level 4.0 Charms


You had one spell level left.
You knew the following spells:

 Your Spells              Type           Power        Failure   Level  Hunger
a - Infusion              Chrm           ##....       6%          1    ##.....
b - Shroud of Golubria    Chrm/Tloc      #.........   19%         2    ###....
c - Regeneration          Chrm/Necr      #.........   50%         3    ####...


Dungeon Overview and Level Annotations

Branches:
Dungeon (3/15)

Altars:
Ashenzari
Cheibriados
Dithmenos
Trog
Vehumet
The Shining One


Innate Abilities, Weirdness & Mutations

You are small and have problems with some larger weapons.
You are somewhat resistant to further mutation.


Message History

The gnoll hits you with a spear.
* * * LOW HITPOINT WARNING * * *
You hit the gnoll.
The gnoll is moderately wounded.
The goblin shoots a stone.
The stone hits you but does no damage. The gnoll closely misses you.
The goblin shoots a stone.
You block the stone.
You see here a stone.
The goblin shoots a stone.
The stone misses you.
There is a large open door here.
You close the large door.
Something unseen opens the large door.
You kill the gnoll!
Your Shields skill increases to level 1!
The goblin shoots a stone.
The stone barely misses you.
You see here a stone.
The goblin shoots a stone.
The stone hits you.
* * * LOW HITPOINT WARNING * * *
Some of the chunks of flesh in your inventory have rotted away.
You see here a stone.
The goblin shoots a stone.
The stone hits you.
You die...

≈≈≈≈≈≈≈≈≈≈≈≈≈≈≈≈≈.)..≈≈≈≈≈
≈≈≈≈≈≈≈≈≈≈≈≈≈≈≈≈≈g..(≈≈≈≈≈
≈≈≈≈≈≈≈≈≈≈≈≈≈≈≈≈≈))(.≈≈≈≈≈
≈≈≈≈≈≈≈≈≈.≈≈≈≈≈≈≈....≈.≈≈≈
................g.........
(.........................
..........(.....(.###...##
##.#############(## .###
##)######<######@####.####.
).)....).........).........
##.....##.........###......
########.........# .....
#.........## ....
######........... #.#
...............### .
...............##
#................#


You could see 2 goblins.

Vanquished Creatures
  A gnoll (D:3)
  2 adders
  2 oozes
  3 worms
  2 giant cockroaches
  16 goblins
  17 hobgoblins
  5 bats
  3 giant newts
  9 kobolds
  A quokka (D:3)
  4 rats
65 creatures vanquished.

Notes
Turn   | Place    | Note
--------------------------------------------------------------
     0 | D:1      | derrpe the Halfling Skald began the quest for the Orb.
     0 | D:1      | Reached XP level 1. HP: 14/14 MP: 3/3
   485 | D:1      | Reached XP level 2. HP: 19/19 MP: 4/4
  1123 | D:1      | Learned a level 2 spell: Shroud of Golubria
  1292 | D:1      | Reached XP level 3. HP: 21/24 MP: 5/5
  1819 | D:2      | Found a snail-covered altar of Cheibriados.
  1819 | D:2      | Found a shattered altar of Ashenzari.
  2137 | D:2      | Became a worshipper of Ashenzari the Shackled
  2304 | D:2      | Reached XP level 4. HP: 28/30 MP: 6/6
  2358 | D:2      | Reached skill level 4 in Short Blades
  2687 | D:2      | Found a glowing golden altar of the Shining One.
  2687 | D:2      | Found a bloodstained altar of Trog.
  2689 | D:2      | Found a radiant altar of Vehumet.
  2830 | D:2      | Found a shadowy altar of Dithmenos.
  3289 | D:2      | Learned a level 3 spell: Regeneration
  4268 | D:3      | Reached XP level 5. HP: 30/35 MP: 7/7
  4308 | D:3      | Reached skill level 1 in Shields
  4310 | D:3      | HP: 1/35 [goblin/stone (3)]
  4311 | D:3      | Shot with a stone by a goblin

Vault maps used:
D:1:      minmay_arrival_nine_rooms, minmay_misc_feat_rows
D:2:      nicolae_overflow_quartered_altars, overflow_temple_1_default,
          lemuel_crystal_altar, first_bread
D:3:      minmay_goblin_kobold_castle, minmay_misc_feat_roman,
          uniq_crazy_yiuf_cottage

Action                   |  1- 3 |  4- 6 || total
-------------------------+-------+-------++-------
Melee: Short sword       |   122 |    49 ||   171
       Dagger            |       |    60 ||    60
Throw: Stone             |    37 |    88 ||   125
 Cast: Infusion          |     3 |       ||     3
  Use: Potion            |       |     3 ||     3
       Scroll            |       |     2 ||     2
  Eat: Chunk             |     4 |     7 ||    11
